 Dungeon Crawl Stone Soup version 0.31.0-9-g3a7656b989 (webtiles) character file.

Game seed: 3408803828179360738

47 qw the Shooter (level 3, 0/18 HPs)
             Began as a Spriggan Hunter on Feb 3, 2024.
             Slain by a goblin
             ... wielding a +0 dagger
             ... led by Robin
              (3 damage)
             ... on level 2 of the Dungeon.
             The game lasted 00:00:17 (846 turns).

qw the Shooter (Spriggan Hunter)                     Turns: 846, Time: 00:00:17

Health: 0/18       AC:  2    Str:  7    XL:     3   Next: 48%
Magic:  4/4        EV: 19    Int: 10    God:
Gold:   23         SH:  0    Dex: 20    Spells: 2/2 levels left

rFire   . . .        a - +0 shortbow
rCold   . . .        (shield currently unavailable)
rNeg    . . .        c - +0 robe
rPois   .            (helmet restricted)
rElec   .            (no cloak)
rCorr   .            (gloves unavailable)
SInv    +            (boots unavailable)
Will    .....        (no amulet)
Stlth   ++           (no ring)
HPRegen 0.23/turn    (no ring)
MPRegen 0.09/turn

%: no passive effects
@: very quick
A: very small, no large weapons, unfitting armour, see invisible, speed 3
a: no special abilities


You were on level 2 of the Dungeon.
You visited 1 branch of the dungeon, and saw 2 of its levels.

You collected 23 gold pieces.


Innate Abilities, Weirdness & Mutations

You are very small and have problems with some larger weapons.
You are too small for most types of armour.
You have supernaturally acute eyesight. (SInv)
You cover ground extremely quickly. (Speed+++)


   Skills:
 - Level 1.5 Fighting
 + Level 4.7 Ranged Weapons
 - Level 4.0 Dodging
 - Level 1.5 Stealth


You had 2 spell levels left.
You didn't know any spells.
Your spell library was empty.

Inventory:

Hand Weapons
 a - a +0 shortbow (weapon)
Armour
 c - a +0 robe (worn)
Potions
 b - a potion of might {unknown}
 d - a potion of mutation {unknown}
 f - a potion of heal wounds {unknown}
 h - a potion of degeneration {unknown}

Dungeon Overview and Level Annotations

Branches:
Dungeon (2/15)

Altars:

Annotations:
D:2 Robin


Message History

The goblin is heavily wounded.
Robin of the Strong Arm comes into view.
They are wielding a +0 spear.
A ball python comes into view.
A goblin comes into view. It is wielding a +0 dagger.
A goblin comes into view. It is wielding a +0 club. x2
A hobgoblin comes into view.
You shoot an arrow.
Robin shouts!
The goblin shouts!
The hobgoblin shouts!
The goblin shouts!
The ball python hisses angrily.
The arrow hits the goblin.
The goblin is severely wounded.
You hear a shout! x2
Robin roars a battlecry!
The goblins go into a battle-frenzy!
A goblin comes into view. It is wielding a +0 dagger.
A goblin comes into view. It is wielding a +0 club. x2
Robin throws the goblin at you! The goblin barely misses you.
You shoot an arrow. The arrow closely misses the goblin.
The goblin shouts!
A goblin comes into view. It is wielding a +0 club.
The goblin misses you.
You shoot an arrow. The arrow hits the goblin.
The goblin is heavily wounded.
The goblin barely misses you.
You shoot an arrow. The arrow hits the goblin.
You kill the goblin!
The goblin barely misses you.
You shoot an arrow. The arrow hits the goblin.
The goblin is moderately wounded.
The goblin hits you with a +0 dagger. Robin throws the goblin at you!
The goblin misses you.
You shoot an arrow. The arrow barely misses the goblin.
The arrow hits the goblin but does no damage.
The goblin misses you. x2; The goblin barely misses you.
You shoot an arrow. The arrow barely misses the goblin.
The arrow closely misses the goblin.
The arrow hits the ball python!
You kill the ball python!
The goblin completely misses you. The goblin hits you with a +0 club. x2
The goblin closely misses you. The goblin hits you with a +0 dagger.
You die...

#.# ### #####.### ...
.......##.# #.
#........# # #.
#........# #. #.
#........#
#..##.####.#.##.#
#####......#...#g#
......###).#.###@#
.............#ggg#
.........#.####ggg
...............ggg.
..........#####.....
.....####.# #......
.....#....# #.......
..<..##.#######........
.....#..........


You could see a hobgoblin (strong) and 9 goblins.

Vanquished Creatures
  An adder (D:2)
  2 dart slugs
  2 bats (D:2)
  4 endoplasms
  3 giant cockroaches (D:1)
  4 goblins
  3 hobgoblins
  3 kobolds (D:1)
  5 ball pythons
  A frilled lizard (D:1)
  5 rats
33 creatures vanquished.

Notes
Turn   | Place    | Note
-------+----------+-------------------------------------------
     0 | D:1      | qw the Spriggan Hunter began the quest for the Orb.
     0 | D:1      | Reached XP level 1. HP: 10/10 MP: 2/2
     0 | D:1      | 0 ||| qw: Version: 0.3-a-155-g5e7d8dd
     0 | D:1      | 0 ||| qw: Game counter: 2932
     0 | D:1      | 0 ||| qw: Melee chars always use a shield: true
     0 | D:1      | 0 ||| qw: God list: Okawaru
     0 | D:1      | 0 ||| qw: Allow faded altars: false
     0 | D:1      | 0 ||| qw: Do Orc after clearing Dungeon:15 true
     0 | D:1      | 0 ||| qw: Do second Lair branch before Depths: true
     0 | D:1      | 0 ||| qw: Lair rune preference: random
     0 | D:1      | 0 ||| qw: Goals: Normal
     0 | D:1      | 0 ||| PLANNING D:1-11
    11 | D:1      | Reached skill level 3 in Dodging
    88 | D:1      | Reached XP level 2. HP: 14/14 MP: 3/3
   470 | D:1      | 470 ||| DROPPING ring of magical power.
   471 | D:1      | 471 ||| READING 2 scrolls labelled ITIUSM GUGG.
   472 | D:1      | 472 ||| READING scroll labelled LEUMIBANANT.
   573 | D:1      | 573 ||| READING scroll labelled KUFEUBLI LULE.
   574 | D:1      | 574 ||| DROPPING scroll of butterflies.
   575 | D:1      | 575 ||| DROPPING scroll of revelation.
   633 | D:2      | Reached XP level 3. HP: 18/18 MP: 4/4
   839 | D:2      | Noticed Robin
   846 | D:2      | HP: 3/18 [goblin/+0 club[Robin] (6)]
   846 | D:2      | Slain by a goblin

Levels and vault maps discovered:
D:1:      spicycebolla_arrival_clurvy, layout_basic, fountainhead
D:2:      layout_basic, serial_forest, infiniplex_forest_diagonal,
          infiniplex_forest_straight_3, infiniplex_forest_straight_4,
          infiniplex_forest_lined_2, infiniplex_forest_side_room,
          infiniplex_forest_straight_2, infiniplex_forest_straight_5, uniq_robin

Skill      XL: |  1  2 |
---------------+-------+-----
Dodging        | 3 4 |  4.0
Fighting       | |  1.5
Ranged Weapons | |  4.7
Stealth        | |  1.5

Action                     || total
---------------------------++-------
   Fire: Shortbow          ||    78
    Use: Scroll            ||     3
 Armour: Robe              ||    10
  Dodge: Dodged            ||    27

Table legend:
 A = Non-vault XP
 B = Vault XP
 C = Vault XP percentage of total XP
 D = Non-vault monster count
 E = Vault monster count
 F = Vault count percentage of total count
                 A         B        C        D         E       F
            +---------+---------+-------+---------+---------+-------
      Total |      68 |       2 |   2.9 |      32 |       1 |   3.0
            +---------+---------+-------+---------+---------+-------
        D:1 |      39 |       0 |   0.0 |      23 |       0 |   0.0
        D:2 |      29 |       2 |   6.5 |       9 |       1 |  10.0
            +---------+---------+-------+---------+---------+-------
